 Dungeon Crawl Stone Soup version 0.30-a0-953-g5f1da4a474 (webtiles) character file.

Game seed: 1140775410839809255

87 PLAYERX the Shooter (level 4, -2/27 HPs)
             Began as a Kobold Hunter on Mar 27, 2023.
             Slain by Grinder (6 damage)
             ... on level 3 of the Dungeon on Mar 28, 2023.
             The game lasted 00:10:24 (2514 turns).

PLAYERX the Shooter (Kobold Hunter)                 Turns: 2514, Time: 00:10:24

Health: -2/27      AC:  7    Str:  8    XL:     4   Next: 80%
Magic:  4/4        EV: 11    Int: 10    God:
Gold:   144        SH:  0    Dex: 20    Spells: 3/3 levels left

rFire   . . .      SeeInvis .    a - +0 shortbow
rCold   . . .      Faith    .    (shield currently unavailable)
rNeg    . . .      Spirit   .    b - +0 scale mail
rPois   .          Reflect  .    d - +0 helmet
rElec   .          Rampage  .    (no cloak)
rCorr   .                        (no gloves)
Will    .....                    (no boots)
Stlth   ++                       (no amulet)
HPRegen 0.24/turn                (no ring)
MPRegen 0.09/turn                (no ring)

@: no status effects
A: small, no large weapons, nightstalker 3
a: no special abilities


You were on level 3 of the Dungeon.
You visited 1 branch of the dungeon, and saw 3 of its levels.

You collected 144 gold pieces.

Inventory:

Hand Weapons
 a - a +0 shortbow (weapon)
Missiles
 j - 13 poisoned darts
Armour
 b - a +0 scale mail (worn)
 d - a +0 helmet (worn)
Scrolls
 c - a scroll of immolation
 g - a scroll of butterflies {unknown}
 i - a scroll of blinking {unknown}
 k - 4 scrolls of identify {unknown}
 m - 2 scrolls of teleportation {unknown}
 o - a scroll of noise {unknown}
 p - a scroll of poison {unknown}
 q - a scroll of fear {unknown}
Potions
 e - a potion of curing {unknown}
 f - 3 potions of might {unknown}
 h - a potion of invisibility {unknown}
 l - a potion of degeneration {unknown}
 n - a potion of berserk rage {unknown}


   Skills:
 + Level 2.7 Fighting
 + Level 6.8 Ranged Weapons
 + Level 0.2 Throwing
 + Level 1.1 Armour
 + Level 2.6 Dodging
 + Level 1.6 Stealth


You had 3 spell levels left.
You didn't know any spells.
Your spell library was empty.

Dungeon Overview and Level Annotations

Branches:
Dungeon (3/15)

Altars:

Annotations:
D:3 Grinder


Innate Abilities, Weirdness & Mutations

You are small and have problems with some larger weapons.
You are completely attuned to the shadows.


Message History

You now have 144 gold pieces (gained 16).
n - a metallic coppery potion
o - a scroll labelled GISOSO HUESM You open the door.
There is an open door here.
k - 4 scrolls labelled FUDUMNA SESTIQ (gained 2)
A ball python comes into view.
You shoot an arrow. The arrow hits the ball python!
You kill the ball python!
You see here a ball python corpse.
Found 3 stones.
p - a scroll labelled YTHRUIFOYHA You open the door.
There is an open door here.
Found a stone staircase leading up.
q - a scroll labelled WEMUEPHYGUA Grinder and a hobgoblin come into view.
Throw: 14 darts (poison)
Press: ? - help, Q - select action, (/) - cycle Shift-Dir - straight line, f - Grinder
Aim: Grinder (60% to hit)
You throw a poisoned dart.
The poisoned dart closely misses Grinder.
You shoot an arrow. The arrow barely misses Grinder.
The hobgoblin shouts!
Grinder says, "Wait up."
You shoot an arrow. The arrow hits Grinder.
Grinder is lightly wounded.
Grinder gestures at you. Pain shoots through your body!
Grinder closely misses you.
You shoot an arrow. The arrow closely misses Grinder.
Grinder hits you.
You writhe in agony.
The hobgoblin barely misses you.
You shoot an arrow. The arrow hits Grinder.
Grinder is lightly wounded.
Grinder gestures at you. Pain shoots through your body!
* * * LOW HITPOINT WARNING * * *
The hobgoblin hits you but does no damage.
Grinder closely misses you. The hobgoblin misses you.
Grinder attacks as you move away! Grinder hits you.
You die...

........#.....##.........#.......
........+........................
........#.....................##.
........####..#..##.........>.##.
........####..#..##.##..##..#.##.
........+................#.......
........####.....##.##...†.##.##.
...#'##.# #.........##..#.##....
##.#.##.# ##....@................
........###.....5........#.##.##.
#............###g###.###.#.##.##.
#..#.............# .....
#..#................. ....
........###...#..###. .##.
......#.###...#..# ...
##............#.(# ##.
#.####.###...#


You could see Grinder and a hobgoblin.

Vanquished Creatures
  Terence (D:2)
  2 adders (D:2)
  3 dart slugs (D:1)
  4 ball pythons
  2 bats
  An endoplasm (D:1)
  A giant cockroach (D:1)
  5 goblins
  3 hobgoblins
  5 kobolds
  4 quokkas
  2 frilled lizards
  2 rats (D:1)
35 creatures vanquished.

Notes
Turn   | Place    | Note
-------+----------+-------------------------------------------
     0 | D:1      | PLAYERX the Kobold Hunter began the quest for the Orb.
     0 | D:1      | Reached XP level 1. HP: 12/12 MP: 1/1
    42 | D:1      | You fall into a shaft and drop 1 floor!
   182 | D:1      | Reached XP level 2. HP: 17/17 MP: 2/2
   812 | D:1      | Reached skill level 6 in Ranged Weapons
   936 | D:1      | Reached XP level 3. HP: 22/22 MP: 3/3
  1108 | D:1      | Upgraded the game from 0.30-a0-949-g53dc5368d7 to
                  | 0.30-a0-953-g5f1da4a474
  1521 | D:2      | Noticed Terence
  1530 | D:2      | Reached XP level 4. HP: 6/27 MP: 4/4
  1538 | D:2      | Killed Terence
  1539 | D:2      | Reached skill level 1 in Armour
  2505 | D:3      | Noticed Grinder
  2514 | D:3      | Slain by Grinder

Illustrated notes

Levels and vault maps discovered:
D:1:      dpeg_arrival_houses_and_road, layout_basic, minmay_misc_feat_roman
D:2:      layout_basic, minmay_tripent, uniq_terence
D:3:      layout_basic, uniq_grinder

Skill      XL: |  1  2  3  4 |
---------------+-------------+-----
Ranged Weapons | 6 |  6.8
Armour         | 1 |  1.1
Fighting       | |  2.7
Throwing       | |  0.2
Dodging        | |  2.6
Stealth        | |  1.6

Action                     |  1- 3 |  4- 6 || total
---------------------------+-------+-------++-------
   Fire: Shortbow          |    63 |    20 ||    83
  Throw: Dart              |       |     9 ||     9
 Armour: Leather armour    |     8 |     1 ||     9
         Scale mail        |       |     1 ||     1
  Dodge: Dodged            |    24 |    17 ||    41

Table legend: (Time is in decaauts)
 A = Elapsed time spent in this place.
 B = Non-inter-level travel time spent in this place.
 C = Inter-level travel time spent in this place.
 D = Time resting spent in this place.
 E = Time spent auto-exploring this place.
 F = Levels seen in this place.
 G = Mean time per level.
                   A        B        C        D        E       F      G
               +--------+--------+--------+--------+--------+-----+--------+
         Total |   2539 |   2539 |      0 |    113 |   2150 |   3 |  846.3 |
       Dungeon |   2539 |   2539 |      0 |    113 |   2150 |   3 |  846.3 |
               +--------+--------+--------+--------+--------+-----+--------+

Top non-repeatable levels by time:
     D:1: 1133 daAuts
     D:2: 971 daAuts
     D:3: 434 daAuts
